 Dungeon Crawl Stone Soup version 0.29.1-12-g30fa7ad0bf (webtiles) character file.

Game seed: 17217447249922967608

46 mopl the Chopper (level 3, -2/27 HPs)
             Began as a Formicid Warper on Jan 6, 2023.
             Slain by Terence
             ... wielding a +0 flail
              (8 damage)
             ... on level 2 of the Dungeon.
             The game lasted 00:01:35 (1588 turns).

mopl the Chopper (Formicid Warper)                  Turns: 1588, Time: 00:01:36

Health: -2/27      AC:  6    Str: 17    XL:     3   Next: 92%
Magic:  6/6        EV: 10    Int: 12    God:
Gold:   20         SH:  0    Dex: 13    Spells: 6/6 levels left

rFire   . . .      SeeInvis +   a - +0 hand axe
rCold   . . .      Faith    .   (no shield)
rNeg    . . .      Spirit   .   m - +0 scale mail
rPois   .          Reflect  .   (helmet unavailable)
rElec   .          Harm     .   (no cloak)
rCorr   .          Rampage  .   (no gloves)
Will    .....                   (no boots)
Stlth   ..........              (no amulet)
HPRegen 0.09/turn               (no ring)
MPRegen 0.10/turn               (no ring)

@: no status effects
A: permanent stasis, dig shafts and tunnels, antennae 3, four strong arms
a: Dig, Shaft Self


You were on level 2 of the Dungeon.
You visited 1 branch of the dungeon, and saw 2 of its levels.

You collected 20 gold pieces.

Inventory:

Hand Weapons
 a - a +0 hand axe (weapon)
Missiles
 c - 5 boomerangs of dispersal (quivered)
 o - 5 poisoned darts
Armour
 m - a +0 scale mail (worn)
Scrolls
 b - a scroll of silence {unknown}
 d - a scroll of identify {unknown}
 f - a scroll of summoning {unknown}
 g - a scroll of amnesia {unknown}
 h - a scroll of fog {unknown}
 k - a scroll of enchant weapon {unknown}
 l - a scroll of noise {unknown}
 n - a scroll of teleportation {unknown}
Potions
 e - a potion of lignification {unknown}
 i - a potion of magic {unknown}
 j - a potion of might {unknown}


   Skills:
 - Level 2.1 Fighting
 * Level 3.7 Axes
 - Level 1.0 Throwing
 - Level 1.1 Armour
 - Level 1.7 Dodging
 - Level 2.1 Spellcasting
 + Level 2.9 Translocations


You had 6 spell levels left.
You didn't know any spells.
Your spell library contained the following spells:

 Spells                   Type           Power      Damage    Failure   Level
 Gell's Gravitas          Tloc           8%         N/A       65%         3
 Lesser Beckoning         Tloc           8%         N/A       65%         3
 Teleport Other           Tloc           8%         N/A       65%         3
 Magic Dart               Conj           4%         1d3       67%         1
 Manifold Assault         Tloc           8%         N/A       100%        5
 Summon Forest            Summ/Tloc      2%         N/A       100%        5
 Malign Gateway           Summ/Tloc      2%         N/A       100%        7
 Blink                    Tloc           Unusable   N/A       N/A         2

Dungeon Overview and Level Annotations

Branches:
Dungeon (2/15)

Altars:

Shops:
D:2 :

Annotations:
D:2 Terence


Innate Abilities, Weirdness & Mutations

You cannot be hasted, slowed, berserked, paralysed or teleported.
You can dig through walls and to a lower floor.
You have a pair of large antennae on your head. (SInv)
Your four strong arms can wield two-handed weapons with a shield.


Message History

Terence hits you with a +0 flail.
You are too injured to fight recklessly!
You are too injured to fight recklessly!
You are too injured to fight recklessly!
You are too injured to fight recklessly!
You are too injured to fight recklessly!
You are too injured to fight recklessly!
You are too injured to fight recklessly!
You are too injured to fight recklessly!
You are too injured to fight recklessly!
You are too injured to fight recklessly!
You are too injured to fight recklessly!
You are too injured to fight recklessly!
You hit Terence but do no damage.
Terence is severely wounded.
Terence completely misses you.
You hit Terence.
Terence is almost dead.
Terence hits you with a +0 flail.
* * * LOW HITPOINT WARNING * * *
Throw: 7 boomerangs (disperse)
Press: ? - help, Q - select action, (/) - cycle Shift-Dir - straight line, f - Terence
Aim: Terence, wielding a +0 flail and wearing a +0 chain mail (almost dead, 65% to hit)
You throw a boomerang of dispersal.
The boomerang of dispersal barely misses Terence.
Terence barely misses you.
Throw: 6 boomerangs (disperse)
Press: ? - help, Q - select action, (/) - cycle Shift-Dir - straight line, f/p - Terence
Aim: Terence, wielding a +0 flail and wearing a +0 chain mail (almost dead, 65% to hit)
You throw a boomerang of dispersal.
The boomerang of dispersal hits Terence.
Terence blinks!
Terence is almost dead.
You barely miss Terence.
Terence is almost dead.
Terence barely misses you.
You hit Terence but do no damage.
Terence is almost dead.
Terence hits you with a +0 flail!
You die...

#.....#.##
#......∩..
#.....#.#.
#........
#......#
#......#
#.@....#
#.@....#
#.†....#
#.#.####
##.#..#
#..##.# ##.##
.# ##..# .#
#.. #..## .#
##########
..#########.##
#........#


You could see Terence.

Vanquished Creatures
  An adder (D:2)
  4 ball pythons
  7 bats
  2 endoplasms (D:1)
  3 giant cockroaches
  2 goblins
  A hobgoblin (D:2)
  4 jackals (D:1)
  A quokka (D:2)
  3 frilled lizards (D:1)
  2 kobolds (D:1)
  5 rats
35 creatures vanquished.

Notes
Turn   | Place    | Note
-------+----------+-------------------------------------------
     0 | D:1      | mopl the Formicid Warper began the quest for the Orb.
     0 | D:1      | Reached XP level 1. HP: 16/16 MP: 3/3
   420 | D:1      | Reached XP level 2. HP: 21/22 MP: 5/5
   567 | D:1      | Reached skill level 3 in Axes
   680 | D:1      | Reached XP level 3. HP: 24/27 MP: 6/6
   741 | D:1      | Got the Quarto of the Hurtful Wayfarer
  1497 | D:2      | Found a faded altar of an unknown god.
  1576 | D:2      | Found Caevuu's Book Emporium.
  1576 | D:2      | Noticed Terence
  1588 | D:2      | Slain by Terence

Illustrated notes

Levels and vault maps discovered:
D:1:      mrwooster_arrival_statue, layout_basic
D:2:      layout_rooms, basic_ecumenical_altar, serial_shops,
          nicolae_shop_bloodbath_and_beyond, shop, nicolae_shop_hallway_stairs,
          shop_statue, nicolae_shop_crystal, serial_bayou_pond_e, uniq_terence

Skill      XL: |  1  2 |
---------------+-------+-----
Axes           | 3 |  3.7
Fighting       | |  2.1
Throwing       | |  1.0
Armour         | |  1.1
Dodging        | |  1.7
Spellcasting   | |  2.1
Translocations | |  2.9

Action                   || total
-------------------------++-------
Melee: Hand axe          ||   136
Throw: Boomerang         ||     2
Armor: Ring mail         ||    41
       Leather armour    ||     8
       Scale mail        ||    23
Dodge: Dodged            ||   103
